[gd_scene load_steps=17 format=3 uid="uid://bbe6fpxufe3cx"]

[ext_resource type="PackedScene" uid="uid://4k658ffg8gnd" path="res://model.tscn" id="1_b14u2"]
[ext_resource type="Script" path="res://device.gd" id="1_f0ehs"]
[ext_resource type="PackedScene" uid="uid://q6mwb67q40qi" path="res://display.tscn" id="2_2mq4t"]
[ext_resource type="PackedScene" uid="uid://b1eqk0f5aj88c" path="res://knob.tscn" id="3_u3crj"]
[ext_resource type="Script" path="res://AudioStreamPlayer.gd" id="5_7v2o7"]

[sub_resource type="StandardMaterial3D" id="StandardMaterial3D_orr7q"]
emission = Color(0.854902, 0.854902, 0.854902, 1)
emission_energy_multiplier = 4.17

[sub_resource type="ViewportTexture" id="ViewportTexture_xrgat"]
viewport_path = NodePath("SubViewport")

[sub_resource type="CylinderShape3D" id="CylinderShape3D_w0rux"]
height = 1.43847
radius = 0.855863

[sub_resource type="BoxMesh" id="BoxMesh_7d8y7"]

[sub_resource type="StandardMaterial3D" id="StandardMaterial3D_1t52o"]
albedo_color = Color(0.839216, 0.894118, 0.34902, 1)

[sub_resource type="StandardMaterial3D" id="StandardMaterial3D_qgwh7"]
transparency = 1
albedo_color = Color(0.678431, 0.74902, 0.933333, 0.431373)
metallic_specular = 1.0
roughness = 0.0
clearcoat_enabled = true
clearcoat_roughness = 0.0

[sub_resource type="SphereMesh" id="SphereMesh_8srd5"]
material = SubResource("StandardMaterial3D_qgwh7")

[sub_resource type="BoxShape3D" id="BoxShape3D_20imx"]
size = Vector3(0.0504762, 0.0321364, 0.0772326)

[sub_resource type="StandardMaterial3D" id="StandardMaterial3D_5ow5i"]
albedo_color = Color(0.439216, 0.772549, 0.317647, 1)

[sub_resource type="StandardMaterial3D" id="StandardMaterial3D_tl7bl"]
albedo_color = Color(0.262745, 0.733333, 0.717647, 1)

[sub_resource type="AudioStreamGenerator" id="AudioStreamGenerator_dpd68"]
mix_rate = 30000.0

[node name="device" type="Node3D"]
script = ExtResource("1_f0ehs")

[node name="model" parent="." instance=ExtResource("1_b14u2")]

[node name="display" type="Sprite3D" parent="."]
transform = Transform3D(4.5704e-16, -0.130806, 4.37374e-08, -1.04559e-08, -5.71773e-09, -1.00059, 0.239202, 0, -4.37374e-08, -0.00178023, 0.0737698, -0.00255099)
material_overlay = SubResource("StandardMaterial3D_orr7q")
shaded = true
texture = SubResource("ViewportTexture_xrgat")

[node name="SubViewport" type="SubViewport" parent="."]
disable_3d = true
handle_input_locally = false

[node name="display" parent="SubViewport" instance=ExtResource("2_2mq4t")]

[node name="knob1" parent="." instance=ExtResource("3_u3crj")]
transform = Transform3D(0.0532019, 0, 0, 0, 0.0532019, 0, 0, 0, 0.0532019, -0.201037, 0.0970008, 0.758742)

[node name="Area3D" type="Area3D" parent="knob1"]

[node name="CollisionShape3D" type="CollisionShape3D" parent="knob1/Area3D"]
transform = Transform3D(1, 0, 0, 0, 1, 0, 0, 0, 1, 0, 0.599501, 0)
shape = SubResource("CylinderShape3D_w0rux")

[node name="knob2" parent="." instance=ExtResource("3_u3crj")]
transform = Transform3D(0.0532019, 0, 0, 0, 0.0532019, 0, 0, 0, 0.0532019, -0.00103694, 0.0970008, 0.758742)

[node name="Area3D" type="Area3D" parent="knob2"]

[node name="CollisionShape3D" type="CollisionShape3D" parent="knob2/Area3D"]
transform = Transform3D(1, 0, 0, 0, 1, 0, 0, 0, 1, 0, 0.599501, 0)
shape = SubResource("CylinderShape3D_w0rux")

[node name="knob3" parent="." instance=ExtResource("3_u3crj")]
transform = Transform3D(0.0532019, 0, 0, 0, 0.0532019, 0, 0, 0, 0.0532019, 0.198963, 0.0970008, 0.758742)

[node name="Area3D" type="Area3D" parent="knob3"]

[node name="CollisionShape3D" type="CollisionShape3D" parent="knob3/Area3D"]
transform = Transform3D(1, 0, 0, 0, 1, 0, 0, 0, 1, 0, 0.599501, 0)
shape = SubResource("CylinderShape3D_w0rux")

[node name="button1" type="Node3D" parent="."]
transform = Transform3D(1, 0, 0, 0, 1, 0, 0, 0, 1, -0.0822396, 0.113635, -0.694752)

[node name="b" type="MeshInstance3D" parent="button1"]
transform = Transform3D(0.0504878, 0, 0, 0, 0.08, 0, 0, 0, 0.08, -0.0641524, -0.0289114, -0.129474)
mesh = SubResource("BoxMesh_7d8y7")
surface_material_override/0 = SubResource("StandardMaterial3D_1t52o")

[node name="l" type="MeshInstance3D" parent="button1"]
transform = Transform3D(0.0247457, 0, 0, 0, 0.0332184, 0, 0, 0, 0.0257981, -0.0641524, -0.0171527, -0.00488073)
mesh = SubResource("SphereMesh_8srd5")

[node name="OmniLight3D" type="OmniLight3D" parent="button1"]
transform = Transform3D(1, 0, 0, 0, 1, 0, 0, 0, 1, -0.0642385, -0.00558001, -0.00454324)
light_color = Color(0.666667, 0.356863, 0, 1)
light_energy = 0.124

[node name="Area3D" type="Area3D" parent="button1"]
transform = Transform3D(1, 0, 0, 0, 1, 0, 0, 0, 1, -0.0564134, 0, -0.125154)

[node name="CollisionShape3D" type="CollisionShape3D" parent="button1/Area3D"]
transform = Transform3D(1, 0, 0, 0, 1, 0, 0, 0, 1, -0.00788082, -0.0052816, -0.00288969)
shape = SubResource("BoxShape3D_20imx")

[node name="button2" type="Node3D" parent="."]
transform = Transform3D(1, 0, 0, 0, 1, 0, 0, 0, 1, 0.0668511, 0.113635, -0.694752)

[node name="b" type="MeshInstance3D" parent="button2"]
transform = Transform3D(0.0504878, 0, 0, 0, 0.08, 0, 0, 0, 0.08, -0.0641524, -0.0289114, -0.129474)
mesh = SubResource("BoxMesh_7d8y7")
surface_material_override/0 = SubResource("StandardMaterial3D_5ow5i")

[node name="l" type="MeshInstance3D" parent="button2"]
transform = Transform3D(0.0247457, 0, 0, 0, 0.0332184, 0, 0, 0, 0.0257981, -0.0641524, -0.0171527, -0.00488073)
mesh = SubResource("SphereMesh_8srd5")

[node name="OmniLight3D" type="OmniLight3D" parent="button2"]
transform = Transform3D(1, 0, 0, 0, 1, 0, 0, 0, 1, -0.0642385, -0.00558001, -0.00454324)
visible = false
light_color = Color(0.666667, 0.356863, 0, 1)
light_energy = 0.124

[node name="Area3D" type="Area3D" parent="button2"]
transform = Transform3D(1, 0, 0, 0, 1, 0, 0, 0, 1, -0.0564134, 0, -0.125154)

[node name="CollisionShape3D" type="CollisionShape3D" parent="button2/Area3D"]
transform = Transform3D(1, 0, 0, 0, 1, 0, 0, 0, 1, -0.00788082, -0.0052816, -0.00288969)
shape = SubResource("BoxShape3D_20imx")

[node name="button3" type="Node3D" parent="."]
transform = Transform3D(1, 0, 0, 0, 1, 0, 0, 0, 1, 0.2211, 0.113635, -0.694752)

[node name="b" type="MeshInstance3D" parent="button3"]
transform = Transform3D(0.0504878, 0, 0, 0, 0.08, 0, 0, 0, 0.08, -0.0641524, -0.0289114, -0.129474)
mesh = SubResource("BoxMesh_7d8y7")
surface_material_override/0 = SubResource("StandardMaterial3D_tl7bl")

[node name="l" type="MeshInstance3D" parent="button3"]
transform = Transform3D(0.0247457, 0, 0, 0, 0.0332184, 0, 0, 0, 0.0257981, -0.0641524, -0.0171527, -0.00488073)
mesh = SubResource("SphereMesh_8srd5")

[node name="OmniLight3D" type="OmniLight3D" parent="button3"]
transform = Transform3D(1, 0, 0, 0, 1, 0, 0, 0, 1, -0.0642385, -0.00558001, -0.00454324)
visible = false
light_color = Color(0.666667, 0.356863, 0, 1)
light_energy = 0.124

[node name="Area3D" type="Area3D" parent="button3"]
transform = Transform3D(1, 0, 0, 0, 1, 0, 0, 0, 1, -0.0564134, 0, -0.125154)

[node name="CollisionShape3D" type="CollisionShape3D" parent="button3/Area3D"]
transform = Transform3D(1, 0, 0, 0, 1, 0, 0, 0, 1, -0.00788082, -0.0052816, -0.00288969)
shape = SubResource("BoxShape3D_20imx")

[node name="AudioStreamPlayer" type="AudioStreamPlayer" parent="."]
stream = SubResource("AudioStreamGenerator_dpd68")
volume_db = -8.406
autoplay = true
script = ExtResource("5_7v2o7")

[connection signal="mouse_entered" from="knob1/Area3D" to="." method="knob1_mouse_entered"]
[connection signal="mouse_exited" from="knob1/Area3D" to="." method="knob1_mouse_exited"]
[connection signal="mouse_entered" from="knob2/Area3D" to="." method="knob2_mouse_entered"]
[connection signal="mouse_exited" from="knob2/Area3D" to="." method="knob2_mouse_exited"]
[connection signal="mouse_entered" from="knob3/Area3D" to="." method="knob3_mouse_entered"]
[connection signal="mouse_exited" from="knob3/Area3D" to="." method="knob3_mouse_exited"]
[connection signal="mouse_entered" from="button1/Area3D" to="." method="button1_mouse_entered"]
[connection signal="mouse_exited" from="button1/Area3D" to="." method="button_mouse_exited"]
[connection signal="mouse_entered" from="button2/Area3D" to="." method="button2_mouse_entered"]
[connection signal="mouse_exited" from="button2/Area3D" to="." method="button_mouse_exited"]
[connection signal="mouse_entered" from="button3/Area3D" to="." method="button3_mouse_entered"]
[connection signal="mouse_exited" from="button3/Area3D" to="." method="button_mouse_exited"]
